 Dungeon Crawl Stone Soup version 0.31-a0-152-g6aa68a64a1 (webtiles) character file.

Game seed: 5811506073673609694

4361 tilp the Covert (level 10, 0/76 HPs)
             Began as a Vampire Enchanter on June 10, 2023.
             Was a Follower of Wu Jian.
             Slain by a spriggan
             ... wielding a +0 spear
              (15 damage)
             ... in a bailey.
             The game lasted 00:13:34 (8915 turns).

tilp the Covert (Vampire Enchanter)                 Turns: 8915, Time: 00:13:34

Health: 0/76       AC:  8    Str:  7    XL:     10   Next: 12%
Magic:  9/17       EV: 13    Int: 21    God:    Wu Jian [*.....]
Gold:   57         SH:  0    Dex: 16    Spells: 8/19 levels left

rFire   . . .        a - +1 dagger
rCold   . . .        (no shield)
rNeg    . . .        v - +1 robe
rPois   .            (no helmet)
rElec   .            p - +2 cloak
rCorr   +            u - +1 pair of gloves
SInv    +            (no boots)
Will    +....        (no amulet)
Stlth   ++++         A - ring of resist corrosion
HPRegen 0.52/turn    (no ring)
MPRegen 0.15/turn

%: no passive effects
@: healing quickly
A: alive, fangs 3, see invisible, vampiric 2
a: Exsanguinate, Renounce Religion


You were in a bailey.
You worshipped Wu Jian.
Wu Jian was aware of your devotion.
You visited 2 branches of the dungeon, and saw 9 of its levels.
You also visited: Bailey.

You collected 354 gold pieces.
You spent 297 gold pieces at shops.

Inventory:

Hand Weapons
 a - a +1 dagger (weapon)
 b - a +0 rapier
Missiles
 j - 8 poisoned darts (quivered)
 k - 4 boomerangs
 y - a silver boomerang
Armour
 p - a +2 cloak (worn)
 u - a +1 pair of gloves (worn)
 v - a +1 robe (worn)
 w - a +2 scale mail of fire resistance
Jewellery
 A - a ring of resist corrosion (left hand)
Wands
 r - a wand of light (5)
 s - a wand of iceblast (20)
Scrolls
 f - a scroll of immolation
 l - 2 scrolls of teleportation
 q - a scroll of fog
 z - a scroll of blinking
Potions
 c - 2 potions of invisibility
 d - 2 potions of berserk rage
 e - 2 potions of heal wounds
 g - a potion of enlightenment
 h - 2 potions of might
 i - 2 potions of mutation
 m - 3 potions of lignification
 n - 2 potions of haste
 o - 3 potions of curing
 t - 2 potions of ambrosia
 x - a potion of cancellation {unknown}
 B - a potion of attraction


   Skills:
 - Level 6.0 Fighting
 * Level 9.7 Short Blades
 - Level 4.0 Dodging
 - Level 10.0 Stealth
 - Level 5.0 Spellcasting
 - Level 8.0 Hexes
 - Level 2.0 Evocations


You had 8 spell levels left.
You knew the following spells:

 Your Spells              Type           Power      Damage    Failure   Level
a - Ensorcelled Hibernat  Hex/Ice        44%        N/A       3%          2
b - Confusing Touch       Hex            38%        N/A       1%          3
c - Tukima's Dance        Hex            38%        N/A       1%          3
d - Dazzling Flash        Conj/Hex       44%        N/A       6%          3

Your spell library contained the following spells:

 Spells                   Type           Power      Damage    Failure   Level
 Apportation              Tloc           10%        N/A       11%         1
 Necrotise                Necr           20%        1d5       11%         1
 Summon Small Mammal      Summ           20%        N/A       11%         1
 Vhi's Electric Charge    Tloc/Air       10%        N/A       32%         3
 Yara's Violent Unravell  Hex/Tmut       11%        3d6       50%         5
 Passage of Golubria      Tloc           5%         N/A       71%         4
 Arcjolt                  Conj/Air       2%         1d12      96%         5
 Plasma Beam              Fire/Air       2%         2x1d12    100%        6


Dungeon Overview and Level Annotations

Branches:
Dungeon (8/15)             Temple (1/1) D:6          Bailey (1/1)
   Lair: D:8-11

Altars:
Ashenzari
Cheibriados
Dithmenos
Gozag
Hepliaklqana
Kikubaaqudgha
Makhleb
Nemelex Xobeh
Qazlal
Ru
Sif Muna
Uskayaw
Vehumet
Wu Jian
Xom
Yredelemnul

Shops:
D:2 !


Innate Abilities, Weirdness & Mutations

Your natural rate of healing is accelerated.
You have razor-sharp teeth.
You have supernaturally acute eyesight. (SInv)
You are afflicted with vampirism and can become a bat while bloodless.


Message History

Press: ? - help, Shift-Dir - straight line, f/p - ogre
Aim: an ogre (chance to affect: 54%)
Okay, then.
Casting: Ensorcelled Hibernation (safe; 3% risk of failure)
Confirm with . or Enter, or press ? or * to list all spells.
Aiming: Tukima's Dance (safe; 1% risk of failure)
Press: ? - help, Shift-Dir - straight line, f - spriggan, p - ogre
Aim: a spriggan, wielding a +0 trident (chance to affect: 30%)
The spriggan easily resists.
The spriggan hits you from afar with a +0 trident.
The spriggan hits you from afar with a +0 spear.
Unknown command.
Things that are here:
a +0 halberd; an ogre corpse The spriggan barely misses you.
The spriggan completely misses you.
Things that are here:
a +0 glaive; an ogre corpse The ogre attacks as you move away!
The ogre hits you!
A spriggan comes into view. It is wielding a +0 spear.
The ogre attacks as you move away! The ogre hits you but does no damage.
The spriggan hits you from afar with a +0 trident!
* * * LOW HITPOINT WARNING * * *
Your magical contamination has completely faded away.
Casting: Tukima's Dance (safe; 1% risk of failure)
Confirm with . or Enter, or press ? or * to list all spells.
Aiming: Ensorcelled Hibernation (safe; 3% risk of failure)
Press: ? - help, Shift-Dir - straight line, f/p - spriggan
Aim: a spriggan, wielding a +0 trident (chance to affect: 21%)
The spriggan resists with almost no effort.
The spriggan hits you from afar with a +0 spear.
* * * LOW HITPOINT WARNING * * *
Unknown command.
Aiming: Iceblast
Press: ? - help, Shift-Dir - straight line, f - spriggan, p - spriggan
Aim: a spriggan, wielding a +0 spear
Okay, then.
The spriggan hits you from afar with a +0 trident!
* * * LOW HITPOINT WARNING * * *
The spriggan hits you from afar with a +0 spear!
You die...

#O.# ♣))# #..#
#♣..# ♣#..## .#
##.O##
..###♣###ii##
#.......Oi##
#.....@.##
##~~~~~##
#~~~~~#
###~~~~~###
##.........##
##...........##
#....∩...∩....#
##...........##
##.........##


You could see 2 ogres and 3 spriggans.

Vanquished Creatures
  Pikel (D:5)
  6 yaks
  Menkaure (D:6)
  A water moccasin (D:7)
  2 orc warriors
  3 ice beasts
  3 sky beasts
  2 black bears (D:6)
  6 ogres
  A phantom (D:5)
  A bullfrog (D:7)
  A gnoll sergeant (D:6)
  2 scorpions
  3 killer bees (D:7)
  A howler monkey (D:5)
  A jelly (D:5)
  2 hounds
  Crazy Yiuf (D:2)
  5 orc priests
  8 iguanas
  Natasha (thrice) (D:3)
  5 orc wizards
  3 adders
  13 gnolls
  2 shadow imps
  2 white imps (D:7)
  2 ufetubi (D:4)
  2 adder skeletons (D:2)
  A worm (D:3)
  12 orcs
  9 endoplasms
  3 giant cockroaches
  6 goblins
  10 hobgoblins
  5 quokkas
  5 ball pythons
  9 bats
  2 frilled lizards (D:1)
  5 kobolds
  A quokka skeleton (D:2)
  5 rats
156 creatures vanquished.

Vanquished Creatures (others)
  A dancing weapon (Bailey)
1 creature vanquished.

Grand Total: 157 creatures vanquished

Notes
Turn   | Place    | Note
-------+----------+-------------------------------------------
     0 | D:1      | tilp the Vampire Enchanter began the quest for the Orb.
     0 | D:1      | Reached XP level 1. HP: 13/13 MP: 3/3
   351 | D:1      | Reached XP level 2. HP: 17/20 MP: 5/5
   359 | D:1      | Learned a level 2 spell: Ensorcelled Hibernation
   848 | D:1      | Gained mutation: You are afflicted with vampirism and can
                  | become a bat while bloodless. [Vampire growth]
   848 | D:1      | Reached XP level 3. HP: 25/25 MP: 1/6
   933 | D:1      | Reached skill level 1 in Fighting
  1120 | D:1      | Learned a level 3 spell: Confusing Touch
  1570 | D:2      | Found a transporter.
  1574 | D:2      | Found Laofyine's Distillery.
  1707 | D:2      | Found a transporter.
  1794 | D:2      | Found a runed translucent door.
  1795 | D:2      | Noticed Crazy Yiuf
  1959 | D:2      | Killed Crazy Yiuf
  1960 | D:2      | Reached skill level 5 in Stealth
  1960 | D:2      | Reached skill level 5 in Hexes
  1960 | D:2      | Reached XP level 4. HP: 32/32 MP: 4/8
  2061 | D:2      | Bought a potion of degeneration for 11 gold pieces
  2061 | D:2      | Bought a potion of lignification for 33 gold pieces
  2111 | D:3      | Noticed Natasha
  2227 | D:3      | Killed Natasha
  2382 | D:3      | Learned a level 3 spell: Tukima's Dance
  2409 | D:3      | Noticed an angel
  2579 | D:3      | Reached XP level 5. HP: 37/37 MP: 4/9
  2646 | D:3      | Found a shimmering blue altar of Sif Muna.
  2786 | D:3      | Noticed Natasha
  2791 | D:3      | Killed Natasha
  2846 | D:3      | Noticed Natasha
  2852 | D:3      | Killed Natasha
  3047 | D:4      | Found a hazy altar of Hepliaklqana.
  3280 | D:4      | Reached XP level 6. HP: 44/44 MP: 1/10
  3996 | D:2      | Bought 2 potions of heal wounds for 110 gold pieces
  4056 | D:5      | Entered Level 5 of the Dungeon
  4112 | D:5      | Noticed a yak
  4112 | D:5      | Noticed a yak
  4114 | D:5      | Noticed a yak
  4114 | D:5      | Noticed a yak
  4115 | D:5      | Noticed a yak
  4155 | D:4      | Killed a yak
  4156 | D:4      | Reached skill level 1 in Evocations
  4286 | D:5      | Killed a yak
  4287 | D:5      | Reached skill level 6 in Stealth
  4287 | D:5      | Reached XP level 7. HP: 32/51 MP: 7/12
  4374 | D:5      | Found a sparkling altar of Nemelex Xobeh.
  4376 | D:5      | Found a basalt altar of Yredelemnul.
  4377 | D:5      | Found a shadowy altar of Dithmenos.
  4383 | D:5      | Found an opulent altar of Gozag.
  4384 | D:5      | Found a burning altar of Makhleb.
  4386 | D:5      | Found a sacrificial altar of Ru.
  4387 | D:5      | Found a broken altar of Ashenzari.
  4389 | D:5      | Found a stormy altar of Qazlal.
  4393 | D:5      | Found a shimmering altar of Xom.
  4394 | D:5      | Found an ancient bone altar of Kikubaaqudgha.
  4796 | D:5      | Noticed a yak
  4813 | D:4      | Killed a yak
  4963 | D:5      | Reached XP level 8. HP: 58/58 MP: 11/14
  5046 | D:4      | Reached skill level 5 in Short Blades
  5174 | D:5      | Reached skill level 7 in Stealth
  5474 | D:5      | Noticed Pikel
  5496 | D:5      | Killed Pikel
  5497 | D:5      | Reached skill level 5 in Fighting
  5497 | D:5      | Reached skill level 5 in Spellcasting
  5497 | D:5      | Reached XP level 9. HP: 68/68 MP: 13/16
  6062 | D:6      | Noticed Menkaure
  6079 | D:6      | Killed Menkaure
  6080 | D:6      | Reached skill level 8 in Stealth
  6149 | D:6      | Found a staircase to the Ecumenical Temple.
  6210 | Temple   | Entered the Ecumenical Temple
  6295 | Temple   | Became a worshipper of the Wu Jian Council
  6856 | D:6      | Reached skill level 9 in Stealth
  7255 | D:6      | Learned a level 3 spell: Dazzling Flash
  7328 | D:2      | Bought a potion of haste for 110 gold pieces
  7689 | D:7      | Reached * piety under Wu Jian
  8135 | D:7      | Reached skill level 10 in Stealth
  8312 | D:7      | Reached XP level 10. HP: 76/76 MP: 13/17
  8464 | D:2      | Bought a potion of attraction for 33 gold pieces
  8612 | D:8      | Found a flagged portal.
  8771 | Bailey   | Entered a bailey
  8915 | Bailey   | Slain by a spriggan

Illustrated notes

Levels and vault maps discovered:
D:1:      ebering_trefoil_3fold, layout_basic, minmay_misc_feat_iff,
          minmay_vboxes
D:2:      layout_basic, serial_undead, serial_undead_e, serial_undead_d,
          serial_undead_d, serial_undead_b, serial_shops,
          nicolae_shop_drivethru, uniq_crazy_yiuf_cottage
D:3:      layout_rooms, led_sif_pool, zin_angel, chequers_serial_rivers_room_b,
          uniq_natasha
D:4:      layout_cave_pools, nicolae_overflow_crystal_walls
D:5:      layout_cave_pods, nicolae_overflow_hallway_of_the_gods,
          grunt_ministairs_13, uniq_pikel
D:6:      layout_cave_pods, minmay_temple_entry_wispy, uniq_menkaure
D:7:      layout_basic
D:8:      minmay_diamond_stairs, layout_loops_cross, nicolae_overflow_squiral,
          enter_bailey_2, serial_shops, shop
Temple:   hellmonk_temple_two_chambers
Bailey:   bailey_polearm_enchanted_keep_hellmonk, bailey

Skill      XL: |  1  2  3  4  5  6  7  8  9 |
---------------+----------------------------+-----
Fighting       | 1 2 3 5 6 |  6.0
Short Blades   | 2 3 4 6 9 |  9.7
Stealth        | 5 6 7 10 | 10.0
Hexes          | 5 6 7 8 |  8.0
Spellcasting   | 3 4 5 |  5.0
Dodging        | 3 4 |  4.0
Evocations     | 1 2 |  2.0

Action                     |  1- 3 |  4- 6 |  7- 9 | 10-12 || total
---------------------------+-------+-------+-------+-------++-------
  Melee: Dagger            |   112 |   106 |   162 |    21 ||   401
         Bite              |     8 |     8 |    16 |     3 ||    35
         Punch             |     1 |       |     2 |       ||     3
  Throw: Dart              |       |       |     2 |       ||     2
   Cast: Ensorcelled Hiber |    17 |    46 |    83 |    16 ||   162
         Confusing Touch   |       |     4 |    10 |     1 ||    15
         Tukima's Dance    |       |       |       |     3 ||     3
Ability: Lunge             |       |       |    20 |     3 ||    23
    Use: Scroll            |     7 |     5 |     2 |     2 ||    16
   Stab: Sleeping          |    21 |    26 |    52 |     6 ||   105
         Confused          |       |     3 |    10 |     1 ||    14
 Armour: Robe              |    23 |    33 |    17 |     7 ||    80
  Dodge: Dodged            |    91 |    94 |    79 |    16 ||   280

Table legend: (Time is in decaauts)
 A = Elapsed time spent in this place.
 B = Non-inter-level travel time spent in this place.
 C = Inter-level travel time spent in this place.
 D = Time resting spent in this place.
 E = Time spent auto-exploring this place.
 F = Levels seen in this place.
 G = Mean time per level.
                   A        B        C        D        E       F      G
               +--------+--------+--------+--------+--------+-----+--------+
         Total |   8862 |   8027 |    835 |    959 |   5460 |  10 |  886.2 |
       Dungeon |   8626 |   7806 |    820 |    877 |   5367 |   8 | 1078.2 |
        Temple |     91 |     76 |     15 |      0 |     73 |   1 |   91.0 |
        Bailey |    143 |    143 |      0 |     82 |     19 |   1 |  143.0 |
               +--------+--------+--------+--------+--------+-----+--------+

Top non-repeatable levels by time:
     D:5: 1539 daAuts
     D:6: 1369 daAuts
     D:4: 1357 daAuts
     D:2: 1239 daAuts
     D:1: 1173 daAuts
     D:7: 1019 daAuts
     D:3: 769 daAuts
     D:8: 158 daAuts
  Bailey: 143 daAuts
  Temple: 91 daAuts
